 Dungeon Crawl Stone Soup version 0.28.0 (webtiles) character file.

Game seed: 1559004171580453888

873 Akaron the Covert (level 8, -9/52 HPs)
             Began as an Octopode Brigand on Feb 14, 2022.
             Splashed by a jelly's acid (10 damage)
             ... on level 5 of the Dungeon.
             The game lasted 00:07:04 (5665 turns).

Akaron the Covert (Octopode Brigand)                Turns: 5665, Time: 00:07:06

Health: -9/52      AC: -15   Str: 10    XL:     8   Next: 4%
Magic:  8/8        EV: 14    Int: 13    God:
Gold:   232        SH:  0    Dex: 16    Spells: 7/7 levels left

rFire   . . .      SeeInvis .   i - +1 short sword (speed)
rCold   . . .      Faith    .   (no shield)
rNeg    . . .      Spirit   .   (helmet restricted)
rPois   .          Reflect  .   (no amulet)
rElec   .          Harm     .   (no ring)
rCorr   .          Rampage  .   (no ring)
Will    .....                   (no ring)
Stlth   +++++.....              (no ring)
HPRegen 0.17/turn               (no ring)
MPRegen 0.11/turn               (no ring)
                                (no ring)
                                (no ring)

@: corroded
A: almost no armour, amphibious, 8 rings, camouflage 1, gelatinous body 1,
(nimble swimmer 1), tentacles
a: no special abilities


You were on level 5 of the Dungeon.
You visited 1 branch of the dungeon, and saw 5 of its levels.

You collected 232 gold pieces.

Inventory:

Hand Weapons
 a - a +2 dagger
 i - a +1 short sword of speed (weapon)
 t - a +0 war axe
Missiles
 b - 10 poisoned darts (quivered)
 c - 2 curare-tipped darts
 j - 2 throwing nets
 x - 6 boomerangs
Jewellery
 z - a ring of resist corrosion
Wands
 y - a wand of charming (10)
Scrolls
 d - 3 scrolls of teleportation {unknown}
 f - 2 scrolls of vulnerability {unknown}
 g - 5 scrolls of identify {unknown}
 k - a scroll of blinking {unknown}
 l - 2 scrolls of immolation {unknown}
 n - 2 scrolls of amnesia {unknown}
 q - 2 scrolls of torment {unknown}
 r - a scroll of silence {unknown}
 s - a scroll of fog {unknown}
 u - a scroll of fear {unknown}
 v - a scroll of brand weapon {unknown}
Potions
 e - 3 potions of curing {unknown}
 h - a potion of attraction {unknown}
 m - a potion of flight {unknown}
 o - a potion of heal wounds {unknown}
 p - 3 potions of cancellation {unknown}
 w - a potion of brilliance {unknown}


   Skills:
 + Level 3.3 Fighting
 + Level 5.8 Short Blades
 + Level 2.1 Throwing
 + Level 2.6 Dodging
 + Level 9.6 Stealth


You had 7 spell levels left.
You didn't know any spells.
Your spell library contained the following spells:

 Spells                   Type           Power      Damage    Failure   Level
 Sting                    Tmut/Pois      0%         1d3       30%         1
 Corpse Rot               Necr/Air       0%         N/A       43%         2
 Poisonous Vapours        Pois/Air       0%         N/A       43%         2
 Olgreb's Toxic Radiance  Pois           0%         N/A       97%         4


Dungeon Overview and Level Annotations

Branches:
Dungeon (5/15)
 Temple: D:4-7

Altars:
Elyvilon
Makhleb
Wu Jian

Shops:
D:5 (


Innate Abilities, Weirdness & Mutations

You cannot wear most types of armour.
You are amphibious.
You can wear up to eight rings at the same time.
Your skin changes colour to match your surroundings (Stealth+).
Your rubbery body absorbs attacks. (AC +1, EV +1)
((You are camouflaged when in or above water. (Stealth+)))
You have tentacles for arms and can constrict up to eight enemies at once.


Message History

You now have 232 gold pieces (gained 9).
There is an open door here.
As you open the door, it creaks loudly!
There is an open door here.
A jelly is nearby!
The jelly hits you. The acid corrodes you!
You are splashed with acid!
You hit the jelly but do no damage.
Your tentacles burn!
Your squeeze misses the jelly. The jelly barely misses you.
You hit the jelly but do no damage.
Your tentacles burn!
You squeeze the jelly!
The jelly is moderately wounded.
You hit the jelly but do no damage. The acid corrodes you!
Your tentacles burn!
The jelly is moderately wounded.
The jelly closely misses you.
You hit the jelly but do no damage.
Your tentacles burn!
The jelly is moderately wounded.
You hit the jelly but do no damage. The acid corrodes you!
Your tentacles burn!
The jelly is moderately wounded.
The jelly closely misses you.
You hit the jelly. The acid corrodes you!
Your tentacles burn!
The jelly is heavily wounded.
The jelly barely misses you.
You hit the jelly but do no damage. The acid corrodes you!
Your tentacles burn!
Your squeeze misses the jelly.
The jelly is heavily wounded.
You are too injured to fight recklessly!
You are too injured to fight recklessly!
You hit the jelly but do no damage.
Your tentacles burn!
The jelly is heavily wounded.
The jelly hits you. The acid corrodes you!
You are splashed with acid!
* * * LOW HITPOINT WARNING * * *
You hit the jelly but do no damage.
Your tentacles burn!
* * * LOW HITPOINT WARNING * * *
The jelly is heavily wounded.
You hit the jelly but do no damage.
Your tentacles burn!
* * * LOW HITPOINT WARNING * * *
The jelly is heavily wounded.
The jelly hits you.
* * * LOW HITPOINT WARNING * * *
You are splashed with acid!
You die...

....# #.#.##### #.# #.# ....#
#...# #.###.#### ....#
##..########........# ....#
#..#.....##........# #####
##.#.....##........#
###.......##........# ####
#.........##†...<...# ...######
#........###........## ...'....#
#.....@..# #.###.....#
...####.###......J.###'###.....#
...####.##.....................#
........##.....................#
.##.....##.....................#
.##.....##.####'###........#####
..+................###.###.....##
.##.....##.####..#.# #.# #...8...
.##.....##.# ##.#.# #.# #.......


You could see a jelly.

Vanquished Creatures
  Menkaure (D:4)
  3 ogres
  A scorpion (D:5)
  2 howler monkeys
  A bullfrog zombie (D:5)
  A hound (D:5)
  A jelly (D:4)
  A bullfrog skeleton (D:4)
  An iguana (D:3)
  5 gnolls
  6 adders
  A shadow imp (D:5)
  A white imp (D:3)
  A worm (D:5)
  3 dart slugs
  9 orcs
  6 ball pythons
  11 bats
  6 endoplasms
  2 giant cockroaches
  11 goblins
  13 hobgoblins
  A jackal (D:3)
  5 kobolds
  A quokka (D:4)
  8 frilled lizards
  6 rats
108 creatures vanquished.

Notes
Turn   | Place    | Note
-------+----------+-------------------------------------------
     0 | D:1      | Akaron the Octopode Brigand began the quest for the Orb.
     0 | D:1      | Reached XP level 1. HP: 14/14 MP: 1/1
   203 | D:1      | Reached XP level 2. HP: 19/19 MP: 2/2
   271 | D:1      | Reached skill level 6 in Stealth
   781 | D:2      | Reached XP level 3. HP: 22/24 MP: 3/3
   806 | D:2      | Found a faded altar of an unknown god.
  1489 | D:2      | Reached skill level 7 in Stealth
  1645 | D:3      | Reached XP level 4. HP: 29/29 MP: 4/4
  1830 | D:3      | Reached XP level 5. HP: 34/34 MP: 5/5
  2151 | D:3      | Found a white marble altar of Elyvilon.
  2408 | D:3      | Found an ornate altar of the Wu Jian Council.
  3193 | D:3      | Reached skill level 8 in Stealth
  3361 | D:4      | Noticed Menkaure
  3371 | D:4      | Killed Menkaure
  3372 | D:4      | Reached XP level 6. HP: 14/41 MP: 6/6
  4592 | D:4      | Reached XP level 7. HP: 7/45 MP: 7/7
  4995 | D:5      | Entered Level 5 of the Dungeon
  5000 | D:5      | Reached skill level 5 in Short Blades
  5000 | D:5      | Reached skill level 9 in Stealth
  5007 | D:5      | Found Puos's Weapon Shop.
  5424 | D:5      | Found a burning altar of Makhleb.
  5432 | D:5      | Reached XP level 8. HP: 46/52 MP: 8/8
  5665 | D:5      | HP: 2/52 [acid (2)]
  5665 | D:5      | Splashed by a jelly's acid

Illustrated notes

Levels and vault maps discovered:
D:1:      dpeg_arrival_short_road, layout_rooms, columned_hall_lemuel
D:2:      layout_loops_ring, ebering_ecumenical_altar_rust, minivault_26,
          uniq_crazy_yiuf_cottage
D:3:      layout_basic, mainiacjoe_overflow_surrounded_room,
          overflow_temple_1_default, minmay_divided_ellipse
D:4:      layout_loops_corners, minmay_three_crescents, uniq_menkaure
D:5:      layout_basic, makhleb_grotto_becter, serial_shops,
          nicolae_stop_n_shop_1

Skill      XL: |  1  2  3  4  5  6  7 |
---------------+----------------------+-----
Stealth        | 6 7 8 9 |  9.6
Short Blades   | 4 5 |  5.8
Dodging        | 2 |  2.6
Fighting       | 3 |  3.3
Throwing       | |  2.1

Action                   |  1- 3 |  4- 6 |  7- 9 || total
-------------------------+-------+-------+-------++-------
Melee: Dagger            |    42 |       |       ||    42
       Constrict         |    12 |    32 |     3 ||    47
       Tentacles         |     6 |    23 |    10 ||    39
       Short sword       |    26 |   133 |    33 ||   192
       Punch             |     1 |     4 |       ||     5
 Stab: Sleeping          |    22 |    12 |     6 ||    40
       Distracted        |       |     1 |       ||     1
Armor: Skin              |     7 |     5 |       ||    12
Dodge: Dodged            |    19 |    61 |     8 ||    88
